[Event "*** Titled Tuesday Blitz"]
[Site "Chess.com"]
[Date "2018.11.06"]
[Round "9"]
[White "VladDobrov"]
[Black "MatyChess1"]
[Result "1-0"]
[WhiteElo "2726"]
[BlackElo "2529"]
[TimeControl "180+2"]
[EndTime "15:05:42 PST"]
[Termination "VladDobrov won by resignation"]

1. d4 Nf6 2. c4 e6 3. Nf3 Bb4+ 4. Nbd2 c5 5. a3 Bxd2+ 6. Qxd2 cxd4 7. Nxd4 O-O 8. e3 b6 9. Be2 Bb7 10. O-O d5 11. Rd1 Nbd7 12. b4 Ne5 13. cxd5 Ne4 14. Qe1 Qxd5 15. f3 Nf6 16. Bb2 Ng6 17. Qg3 Rac8 18.
e4 Qh5 19. Rd2 Qh6 20. Rad1 Nh5 21. Qf2 Nhf4 22. Bf1 Qg5 23. Kh1 Qh5 24. Nb5 Ba8 25. Nxa7 Rb8 26. Nb5 h6 27. Nd6 Kh7 28. b5 f5 29. exf5 exf5 30. Qg3 Rfd8 31. a4 Rd7 32. Nc4 Rxd2 33. Rxd2 Rc8 34. Nxb6 Re8 35. Nxa8 Rxa8 36. b6 Rxa4 37. Rd7 Ne6 38. Rxg7+ Nxg7 39. Qc7 Ne7 40. Qxe7 Qg6 41. b7 Rb4 42. Qxb4 1-0

[Event "*** Titled Tuesday Blitz"]
[Site "Chess.com"]
[Date "2018.11.06"]
[Round "9"]
[White "alishersuleymenov"]
[Black "wadsy27"]
[Result "1-0"]
[WhiteElo "2477"]
[BlackElo "2352"]
[TimeControl "180+2"]
[EndTime "15:05:45 PST"]
[Termination "alishersuleymenov won by resignation"]

1. d4 Nf6 2. c4 c5 3. d5 e6 4.
Nc3 exd5 5. cxd5 d6 6. Nf3 g6 7.
Bf4 a6 8. a4 Bg7 9. h3 O-O 10.
e3 Qe7 11. Nd2 Nbd7 12. Be2 Ne8 13. O-O Rb8 14. Re1 f5 15. Nc4 g5 16. Bg3 f4 17.
exf4 gxf4 18. Bg4 Ne5 19. Bxc8 Rxc8 20. Bh2 Rd8 21. Qg4 Qf7 22. Nxe5 dxe5 23. Ne4 Kh8 24. Ng5 Qf5 25. Ne6 Qxg4 26. hxg4 Rxd5 27. Nxf8 Bxf8 28. Bxf4 Bg7 29. Be3 c4 30. Rad1 Rd3 31. b3 b5 32. axb5 axb5 33. Rxd3 cxd3 34. Rd1 e4 35. f3 Nf6 36. Bd4 Nd7 37. Bxg7+ Kxg7 38. fxe4 Ne5 39. Kf2 Nxg4+ 40. Kf3 Ne5+ 41. Ke3 Kf6 42. Rf1+ Ke6 43. Rf8 Nd7 44. Rh8 Nc5 45. b4 d2 46.
Rd8 Nb3 47. Rd5 h6 48. Ke2 Kf6 49. Kd1 Ke6 50. Rxb5 Nd4 51. Rd5 Nb3 52. b5 Na5 53. b6 Nc4 54. b7 Ne3+ 55. Kxd2 Nxd5 56. exd5+ Kxd5 57. b8=Q 1-0

[Event "*** Titled Tuesday Blitz"]
[Site "Chess.com"]
[Date "2018.11.06"]
[Round "9"]
[White "SergeiAza"]
[Black "dretch"]
[Result "0-1"]
[WhiteElo "2799"]
[BlackElo "2790"]
[TimeControl "180+2"]
[EndTime "15:05:46 PST"]
[Termination "dretch won by resignation"]

1. e4 e6 2. d4 d5 3. Nd2 c5 4.
Ngf3 cxd4 5. Nxd4 Nf6 6. exd5 Nxd5 7. N2f3 Bb4+ 8. Bd2 O-O 9. Bc4 Bxd2+ 10. Qxd2 Nb6 11.
Bd3 e5 12. Nxe5 Qe7 13. Qe2 Re8 14.
f4 N8d7 15. O-O-O Nxe5 16. fxe5 Qxe5 17. Qxe5 Rxe5 18. Nb5 Bd7 19. Nd6 Bc6 20. Rhe1 Rxe1 21. Rxe1 Rd8 22. Nf5 Kf8 23. g3 Na4 24. b4 Nc3 25.
Kb2 Na4+ 26. Kb3 b5 27. Re3 Bd5+ 28. c4 Be6 29. Ka3 Nb6 30. c5 Bxf5 31. cxb6 Bxd3 32. b7 Bf5 33. Rc3 Ke7 34. Rc7+ Bd7 35. Kb3 Rb8 36. g4 Kd6 37. Rc5 Rxb7 38. Kc3 Rc7 39. Kd4 Rxc5 40. bxc5+ Kc6 0-1

[Event "*** Titled Tuesday Blitz"]
[Site "Chess.com"]
[Date "2018.11.06"]
[Round "9"]
[White "xpto15"]
[Black "Atanejhad"]
[Result "1-0"]
[WhiteElo "1437"]
[BlackElo "2233"]
[TimeControl "180+2"]
[EndTime "15:05:47 PST"]
[Termination "xpto15 won by checkmate"]

1. e4 c5 2. Nf3 e6 3. Nc3 a6 4.
d4 cxd4 5. Nxd4 Qc7 6. Be3 Nf6 7. Qd2 b5 8. f3 Bb7 9. O-O-O Bb4 10. Nde2 d6 11.
a3 Bc5 12. Bxc5 dxc5 13. Qd6 Qxd6 14. Rxd6 Nbd7 15. Nf4 Ke7 16. Rd2 Rac8 17. h4 Rc7 18. g4 Rhc8 19. g5 Ne8 20. Bxb5 axb5 21. Nxb5 Nb6 22.
Nxc7 Rxc7 23. b3 c4 24. Kb1 Nd6 25. Rhd1 Nb5 26. Rd8 Nc3+ 27. Kb2 Nxd1+ 28. Rxd1 cxb3 29. cxb3 e5 30. Nh5 g6 31. Nf6 Nd7 32. Nxh7 Ba6 33. Rd2 Nc5 34. Nf6 Nd3+ 35. Ka2 Rc1 36. a4 Rf1 37.
Nd5+ Kf8 38. Nc7 Nc1+ 39. Kb2 Be2 40. Rc2 Nd3+ 41. Kc3 Nf4 42. a5 Rxf3+ 43. Kb4 Nd3+ 44. Ka3 Bd1 45. a6 Bxc2 46. a7 Rf1 47. a8=Q+ Kg7 48.
Ne8+ Kf8 49. Nf6+ Ke7 50. Qe8+ Kd6 51. Qd7+ Kc5 52. Qc7+ Kd4 53. Qb6+ Kc3 54. Nd5+ Kd2 55. Qe3+ Kd1 56. Nc3# 1-0

[Event "*** Titled Tuesday Blitz"]
[Site "Chess.com"]
[Date "2018.11.06"]
[Round "9"]
[White "volcanoexplorer"]
[Black "TheBigBadChessDad"]
[Result "1/2-1/2"]
[WhiteElo "2450"]
[BlackElo "2291"]
[TimeControl "180+2"]
[EndTime "15:05:55 PST"]
[Termination "Game drawn by repetition"]

1. e4 e5 2. Nf3 Nc6 3. Bc4 Bc5 4. O-O Nf6 5. d3 a6 6. c3 Ba7 7. Re1 d6 8. Nbd2 Na5 9. d4 Nxc4 10. Nxc4 exd4 11.
cxd4 O-O 12. Bg5 h6 13. Bh4 Bg4 14. d5 Re8 15. h3 Bxf3 16. Qxf3 g5 17. Bg3 Nd7 18. e5 dxe5 19. Bxe5 Nxe5 20. Nxe5 Re7 21. Ng4 Rxe1+ 22. Rxe1 Kg7 23. Re5 Bd4 24. Rf5 f6 25. h4 Qe7 26. d6 cxd6 27. Rd5 Bc5 28. h5 Qe6 29. b4 Bxb4 30. Ne3 Re8 31. Nf5+ Kh7 32.
Qd3 Qe4 33. Qb3 Qe1+ 34. Kh2 Re5 35. Ne3 Rxd5 36. Qxd5 Qxf2 37. Qf7+ Kh8 38. Qf8+ Kh7 39. Qf7+ Kh8 40. Qe8+ Kh7 41. Qf7+ 1/2-1/2

[Event "*** Titled Tuesday Blitz"]
[Site "Chess.com"]
[Date "2018.11.06"]
[Round "9"]
[White "twitchTriniCupid"]
[Black "vovachesss"]
[Result "0-1"]
[WhiteElo "2255"]
[BlackElo "2469"]
[TimeControl "180+2"]
[EndTime "15:06:01 PST"]
[Termination "vovachesss won by checkmate"]

1. d4 Nf6 2. c4 b6 3. Nc3 Bb7 4. Bg5 d6 5. Nf3 Nbd7 6. e3 g6 7. Be2 Bg7 8. O-O O-O 9. Nd2 h6 10. Bh4 e5 11. d5 a5 12. b3 Nc5 13. a3 g5 14. Bg3 Nh7 15. e4 f5 16. f3 f4 17. Bf2 h5 18. b4 Nd7 19. Nb3 Bc8 20. c5 a4 21. Nd2 bxc5 22. Nxa4 cxb4 23. axb4 Ndf6 24. h3 g4 25. fxg4 hxg4 26. hxg4 Ng5 27.
Bh4 Bh6 28. Nc3 Rxa1 29. Qxa1 Nxg4 30. Rf3 Nxf3+ 31. Nxf3 Qe8 32. Nb5 Rf7 33. Qc1 Ne3 34. Nxc7 Qd7 35. Ne6 Qb7 36. Bf2 Bxe6 37. dxe6 Rc7 38.
Qd2 Qxe4 39. Qxd6 Rc1+ 40. Kh2 Qg6 41. Qd8+ Kh7 42. Qh4 Qxg2# 0-1

[Event "*** Titled Tuesday Blitz"]
[Site "Chess.com"]
[Date "2018.11.06"]
[Round "9"]
[White "PowerThinking2650"]
[Black "tteshan"]
[Result "1-0"]
[WhiteElo "2305"]
[BlackElo "2128"]
[TimeControl "180+2"]
[EndTime "15:06:02 PST"]
[Termination "PowerThinking2650 won by resignation"]

1. e4 c5 2. Nf3 Nc6 3. d4 cxd4 4. Nxd4 g6 5. c4 Bg7 6. Be3 Nf6 7. Nc3 O-O 8. f3 d6 9. Qd2 Bd7 10. Rc1 a5 11. b3 Nxd4 12. Bxd4 Bc6 13. Nd5 Bxd5 14.
cxd5 Nd7 15. Bxg7 Kxg7 16. h4 Qb6 17. h5 Nf6 18. g4 Qb4 19. Rc7 Rfc8 20. Rxc8 Rxc8 21.
h6+ Kf8 22. Qxb4 axb4 23. Kd2 Nd7 24. Be2 Ne5 25. g5 Ra8 26. Ra1 Nd7 27. Kd3 b5 28.
Kd4 Nc5 29. Bd1 Ra3 30. Bc2 Ke8 31. f4 Kd7 32. e5 Nb7 33. Bd3 Ra5 34. Rh1 Rxa2 35.
Bxb5+ Kd8 36. e6 fxe6 37. dxe6 Rf2 38. Ke3 Rb2 39. Bc4 Nc5 40. f5 gxf5 41. g6 f4+ 42.
Kf3 Rc2 43. gxh7 Rc3+ 44. Kxf4 Nd3+ 45. Bxd3 Rxd3 46. h8=Q+ Kc7 47. Rc1+ 1-0

[Event "*** Titled Tuesday Blitz"]
[Site "Chess.com"]
[Date "2018.11.06"]
[Round "9"]
[White "Bad4life"]
[Black "ZeroRealtorFade"]
[Result "1-0"]
[WhiteElo "2286"]
[BlackElo "2219"]
[TimeControl "180+2"]
[EndTime "15:06:04 PST"]
[Termination "Bad4life won by checkmate"]

1. e4 Nc6 2. Nf3 d6 3. d4 Nf6 4.
Bd3 g6 5. c3 Bg7 6. O-O O-O 7.
Re1 Bg4 8. Nbd2 e5 9. h3 Bxf3 10. Nxf3 Re8 11. dxe5 Nxe5 12. Nxe5 dxe5 13. Qf3 Qe7 14.
Bc4 Rf8 15. a4 Kh8 16. b3 Nh5 17. Ba3 c5 18. Rad1 Rac8 19. Qg4 Nf6 20. Qh4 Rfd8 21. Bc1 Rxd1 22. Rxd1 Rd8 23. Re1 Rd7 24. Bg5 Qd6 25. f4 Nh5 26. f5 f6 27. Be3 Qf8 28. Be6 Rd3 29. Qf2 b6 30. Bc4 Rd7 31. Be6 Rd3 32.
Qc2 Rd8 33. Rf1 Bh6 34. Qf2 Bxe3 35. Qxe3 Ng7 36. Bd5 g5 37. Kh2 Ne8 38. Qe2 Qh6 39.
Qa6 Qg7 40. Bc4 Nd6 41. Rd1 Rd7 42. Be6 Rd8 43. a5 g4 44. Rd3 gxh3 45. Rxh3 Nxe4 46. axb6 Qg5 47. Qe2 Rd2 48. bxa7 Qf4+ 49. Kg1 Rxe2 50. a8=Q+ Kg7 51. Qg8# 1-0

[Event "*** Titled Tuesday Blitz"]
[Site "Chess.com"]
[Date "2018.11.06"]
[Round "9"]
[White "PaulfromSPb"]
[Black "OK97"]
[Result "1/2-1/2"]
[WhiteElo "2538"]
[BlackElo "2724"]
[TimeControl "180+2"]
[EndTime "15:06:10 PST"]
[Termination "Game drawn - insufficient material"]

1. d4 Nf6 2. Bg5 d5 3. Nd2 c5 4. c3 Nc6 5. e3 h6 6. Bh4 e5 7. dxe5 Nxe5 8. Ngf3 Nxf3+ 9. Nxf3 Be7 10. Bb5+ Bd7 11. Bxd7+ Qxd7 12. Ne5 Qe6 13. Bxf6 Bxf6 14.
Qa4+ Ke7 15. Nd3 b6 16. Nf4 Qf5 17. Rd1 Rhd8 18. O-O Kf8 19. Qc6 d4 20. cxd4 cxd4 21. b3 Rac8 22. Qf3 dxe3 23. Qxe3 Bg5 24. g3 Bxf4 25.
Qxf4 Qxf4 26. gxf4 Rxd1 27. Rxd1 Rc2 28. a4 Ke7 29. Rd3 a6 30. Kg2 Ke6 31. Kf3 b5 32. axb5 axb5 33. Ke3 g6 34. h3 b4 35. f3 h5 36. Ke4 h4 37. Rd4 f5+ 38. Ke3 Rc3+ 39. Rd3 Rc1 40. Kd4 Rh1 41. Kc4 Rxh3 42. Kxb4 Rh1 43.
Rd2 Rf1 44. Rh2 Rxf3 45. Rxh4 Kd5 46. Ka4 Rf1 47. Kb5 Ke4 48. b4 Rxf4 49. Rxf4+ Kxf4 50. Kc5 Ke3 51. b5 f4 52. b6 f3 53. b7 f2 54.
b8=Q f1=Q 55. Qg3+ Qf3 56. Qxg6 Qe4 57. Qxe4+ Kxe4 1/2-1/2

[Event "*** Titled Tuesday Blitz"]
[Site "Chess.com"]
[Date "2018.11.06"]
[Round "9"]
[White "ChainsOfFantasia"]
[Black "aquaticpineapples"]
[Result "1-0"]
[WhiteElo "2344"]
[BlackElo "2017"]
[TimeControl "180+2"]
[EndTime "15:06:10 PST"]
[Termination "ChainsOfFantasia won by checkmate"]

1. Nc3 d5 2. e3 e5 3. Qh5 Nc6 4. Bb5 Qd6 5. d4 exd4 6. exd4 Nf6 7. Qe5+ Be7 8. Bf4 O-O 9. Qxd6 Bxd6 10. Bxd6 cxd6 11.
Nge2 a6 12. Bd3 Nb4 13. O-O-O Nxd3+ 14. Rxd3 Bf5 15. Rdd1 b5 16. Nf4 Be4 17. f3 b4 18.
Na4 Bg6 19. Nb6 Rae8 20. Rhe1 a5 21. Nfxd5 Nxd5 22. Nxd5 Kh8 23. Kd2 Rc8 24. c3 bxc3+ 25. Nxc3 Rc4 26. Ke3 Re8+ 27. Kf2 Rb8 28. Rd2 h6 29. g4 Kg8 30. h4 h5 31. Re7 Rbb4 32. Ke3 a4 33. Ra7 Rxb2 34. Rxb2 Rxc3+ 35. Kf4 hxg4 36. fxg4 a3 37. Rb8+ Kh7 38. Raa8 Bc2 39. h5 g6 40. Rh8+ Kg7 41. h6+ Kf6 42. g5+ Ke6 43.
Rhe8+ Kd5 44. h7 Bd1 45. Re3 Rc2 46. h8=Q Rg2 47. Ra5+ Kc4 48. Qc8+ Kb4 49. Qb7+ Kxa5 50. Rxa3+ Ba4 51. Qxg2 Kb4 52. Qb2+ Ka5 53. Qb3 d5 54. Rxa4# 1-0

[Event "*** Titled Tuesday Blitz"]
[Site "Chess.com"]
[Date "2018.11.06"]
[Round "9"]
[White "NateSolon"]
[Black "Lagmantr"]
[Result "1-0"]
[WhiteElo "2523"]
[BlackElo "2509"]
[TimeControl "180+2"]
[EndTime "15:06:11 PST"]
[Termination "NateSolon won by resignation"]

1. e4 c5 2. Nc3 d6 3. d4 cxd4 4. Qxd4 Nf6 5. Bg5 Nc6 6. Qd2 h6 7. Bxf6 gxf6 8. O-O-O Bd7 9. f4 Rc8 10. Nf3 a6 11. Kb1 e6 12. Be2 b5 13. Bd3 Na5 14. f5 Be7 15. fxe6 fxe6 16. e5 fxe5 17. Bg6+ Kf8 18.
Nxe5 dxe5 19. Qf2+ Bf6 20. Rxd7 Qxd7 21. Qxf6+ Kg8 22.
Rf1 Rh7 23. Bxh7+ Kxh7 24. Ne4 Qc7 25. Rf2 Qd7 26. Rd2 Qg7 27. Qxe6 Rf8 28. b3 Rf7 29.
Rd6 Nc4 30. bxc4 bxc4 31. Nf6+ Kh8 32. Rd8+ Rf8 33. Rxf8+ Qxf8 34. Qe8 Qxe8 35. Nxe8 e4 36. Kc1 Kg8 37. Kd2 Kf7 38. Nd6+ Ke6 39. Nxe4 Kd5 40.
Ke3 a5 41. c3 Kc6 42. Kd4 Kb5 43. Nd6+ Ka4 44. Nxc4 h5 45. g3 Kb5 46. h3 Ka4 47. g4 hxg4 48. hxg4 Kb5 49. g5 Kc6 50. Nxa5+ Kb5 51. Nc4 Ka4 52. g6 Kb5 53. g7 Kc6 54. g8=Q Kb5 55. Qd5+ 1-0

[Event "*** Titled Tuesday Blitz"]
[Site "Chess.com"]
[Date "2018.11.06"]
[Round "9"]
[White "Quiet_Desperation"]
[Black "Alohamora11"]
[Result "0-1"]
[WhiteElo "2334"]
[BlackElo "2335"]
[TimeControl "180+2"]
[EndTime "15:06:12 PST"]
[Termination "Alohamora11 won by resignation"]

1. e4 e6 2. d4 d5 3. Nc3 Bb4 4. e5 c5 5. Bd2 Ne7 6. Nf3 Nbc6 7.
Nb5 O-O 8. c3 Ba5 9. dxc5 Ng6 10. b4 Bc7 11. Bd3 Ncxe5 12. Nxe5 Bxe5 13. Qh5 Bf6 14. Nd6 e5 15. O-O e4 16. Be2 Be5 17. Nxc8 Rxc8 18.
Rad1 Qf6 19. g3 Bxc3 20. Bg5 Qe6 21. a3 d4 22. Bd2 Bxd2 23. Rxd2 d3 24. Bg4 f5 25.
Bd1 Ne5 26. Rb2 Kh8 27. Bb3 Qf6 28. Rbb1 Nf3+ 29. Kg2 Nd2 30. Bd5 Nxf1 31. Rxf1 b6 32. Bb7 Rc7 33. c6 Rxc6 34. Bxc6 Qxc6 35. Qg5 e3+ 36. f3 Qc2+ 37. Kh3 e2 38. Rg1 d2 39.
Qe7 Rg8 40. Qxe2 Rd8 41. Rd1 Qc3 42. Kg2 a5 43. bxa5 bxa5 44. a4 Qb4 45. h4 h5 46.
Qe7 Qxe7 0-1

[Event "*** Titled Tuesday Blitz"]
[Site "Chess.com"]
[Date "2018.11.06"]
[Round "9"]
[White "mikhaillushenkov"]
[Black "Blagorod"]
[Result "1-0"]
[WhiteElo "2642"]
[BlackElo "2095"]
[TimeControl "180+2"]
[EndTime "15:06:13 PST"]
[Termination "mikhaillushenkov won on time"]

1. Nf3 Nc6 2. d4 d5 3. Bg5 h6 4. Bh4 g5 5. Bg3 Bg7 6. e3 Bf5 7. Bd3 Bxd3 8. Qxd3 Nf6 9. c4 O-O 10. Nc3 e6 11. O-O Ne7 12. cxd5 exd5 13. b4 a6 14. a4 Qd7 15. b5 axb5 16. axb5 Nf5 17. Be5 Ne7 18. h3 c6 19. bxc6 Nxc6 20. Bh2 g4 21. hxg4 Nxg4 22. Bf4 Nf6 23. Ne5 Nxe5 24.
Bxe5 Rfc8 25. Rxa8 Rxa8 26. Bxf6 Bxf6 27. Qb5 Qxb5 28.
Nxb5 Rc8 29. Nd6 Rc7 30. Rb1 Be7 31. Nxb7 f5 32. g3 Kg7 33. Na5 Rc2 34. Rb7 Kf6 35. Nb3 Bd6 36. Kg2 Kg5 37. Kf3 Ba3 38. Rb5 h5 39. Rxd5 Bb4 40. e4 Rc3+ 41. Kg2 Rxb3 42. Rxf5+ Kg6 43. Rb5 Rb2 44. Kf3 Bc3 45. Rxb2 Bxb2 46.
Ke3 Kf6 47. d5 Ba3 48. f4 Bc5+ 49. Kf3 Bb6 50. Kg2 Bd4 51. Kh3 Kg6 52. d6 Bb6 53. g4 hxg4+ 54. Kxg4 Kf6 55. e5+ Ke6 56. Kg5 Be3 57. Kg4 Bd2 58. Kf3 Bb4 59. Ke4 1-0

[Event "*** Titled Tuesday Blitz"]
[Site "Chess.com"]
[Date "2018.11.06"]
[Round "9"]
[White "dhanushbharadwaj"]
[Black "GhostOfGreenval"]
[Result "0-1"]
[WhiteElo "2485"]
[BlackElo "2708"]
[TimeControl "180+2"]
[EndTime "15:06:17 PST"]
[Termination "GhostOfGreenval won by checkmate"]

1. Nf3 Nf6 2. c4 g6 3. Nc3 Bg7 4. g3 O-O 5. Bg2 d6 6. O-O c6 7. d3 a5 8. Bg5 Nbd7 9. Bxf6 Nxf6 10. a3 Nd7 11. Rc1 Rb8 12. d4 b5 13. cxb5 cxb5 14. e4 b4 15. axb4 axb4 16. Nd5 Bb7 17. Re1 Bxd5 18.
exd5 Nb6 19. Qb3 Qd7 20. Rc6 Rfc8 21. Rec1 Bh6 22. R1c2 Qf5 23. Nh4 Qg4 24. Qxb4 Qd1+ 25. Bf1 Qxc2 26. Rxc2 Rxc2 27. Bd3 Rd2 28. Ba6 Nd7 29.
Qa4 Nf6 30. b3 Ne4 31. Bc4 Nxf2 32. Qd7 Ra8 33. Nf3 Rc2 34. Kg2 Nd3+ 35. Kh3 Nf2+ 36. Kg2 Bf8 37. g4 Nxg4+ 38. Kg3 Ne3 39. Ng5 Nf5+ 40.
Kh3 Rc3+ 41. Kg4 h5+ 42. Kf4 Bh6 43. h4 Nxh4 44. Qxe7 Rf3+ 45. Ke4 f5# 0-1

[Event "*** Titled Tuesday Blitz"]
[Site "Chess.com"]
[Date "2018.11.06"]
[Round "9"]
[White "AndrewMcStone"]
[Black "Shivagami"]
[Result "1-0"]
[WhiteElo "2146"]
[BlackElo "2032"]
[TimeControl "180+2"]
[EndTime "15:06:18 PST"]
[Termination "AndrewMcStone won by resignation"]

1. d4 d5 2. c4 c6 3. Nc3 Nf6 4. e3 a6 5. Nf3 Bf5 6. Qb3 Ra7 7. Bd2 e6 8. Ne5 Nbd7 9. f4 Be7 10. Be2 h6 11.
O-O O-O 12. c5 Ne4 13. Nxe4 Bxe4 14. Bf3 Bh7 15. Bg4 Nxe5 16. fxe5 Qc7 17. Rf2 Raa8 18. Raf1 Rab8 19. Qa4 Bg6 20. Ba5 Qc8 21. Qd1 Bd8 22.
Bxd8 Qxd8 23. Bxe6 Qe7 24. Bf5 Bxf5 25. Rxf5 b6 26.
cxb6 Rxb6 27. b3 c5 28. Qf3 cxd4 29. exd4 Qd7 30. h3 Rg6 31. Kh2 Qe6 32. Rc1 Qb6 33.
Rf4 Qb7 34. Qc3 Qe7 35. Qc5 Qd8 36. Rf2 h5 37. Qc7 Qg5 38. Rcf1 Qg3+ 39. Kh1 h4 40.
Qd7 Kh7 41. Qxd5 f6 42. exf6 Rfxf6 43. Rxf6 Rxf6 44. Qh5+ Kg8 45. Qe8+ Kh7 46. Rxf6 gxf6 47. Qe7+ Kg6 48. Qe4+ Kg7 49. Qg4+ Qxg4 50. hxg4 Kf7 51.
Kh2 Ke6 52. Kh3 Kd5 53. Kxh4 Kxd4 54. g5 1-0

[Event "*** Titled Tuesday Blitz"]
[Site "Chess.com"]
[Date "2018.11.06"]
[Round "9"]
[White "Polish_fighter3000"]
[Black "nearestway"]
[Result "1-0"]
[WhiteElo "2969"]
[BlackElo "2541"]
[TimeControl "180+2"]
[EndTime "15:06:21 PST"]
[Termination "Polish_fighter3000 won by resignation"]

1. e4 c5 2. Nf3 d6 3. d4 cxd4 4. Nxd4 Nf6 5. Nc3 a6 6. Be3 e5 7. Nb3 Be6 8. f3 Be7 9. Qd2 O-O 10. O-O-O Nbd7 11. g4 b5 12. g5 b4 13. gxf6 bxc3 14.
Qxc3 Nxf6 15. Na5 Rc8 16. Nc6 Qe8 17. Nxe7+ Qxe7 18. Qa3 Rc6 19. Kb1 Nh5 20. Rg1 Nf4 21. Bxf4 exf4 22. Rg2 f6 23. Rgd2 Rd8 24. Qa4 Qc7 25.
h4 Rc8 26. Bd3 Rb6 27. Qd4 Qc5 28. Be2 Kf7 29. b3 a5 30. Kb2 Qe5 31. c3 Rbc6 32.
Qxe5 dxe5 33. c4 Ke7 34. Kc3 g6 35. Rd5 Bxd5 36. exd5 Rd6 37. a3 Ra6 38. Rd2 Ra7 39.
Bd3 Kd6 40. h5 g5 41. h6 Rb8 42. Bf5 Rba8 43. Rb2 Rg8 44. Rb1 Rb8 45. Be4 Rf8 46.
b4 axb4+ 47. axb4 f5 48. c5+ Kd7 49. Bd3 Ra3+ 50. Kc4 g4 51. fxg4 e4 52. Bc2 fxg4 53.
Bxe4 f3 54. d6 f2 1-0

[Event "*** Titled Tuesday Blitz"]
[Site "Chess.com"]
[Date "2018.11.06"]
[Round "9"]
[White "Korchmar_Vasiliy"]
[Black "RegZryt"]
[Result "1-0"]
[WhiteElo "2707"]
[BlackElo "2520"]
[TimeControl "180+2"]
[EndTime "15:06:22 PST"]
[Termination "Korchmar_Vasiliy won by resignation"]

1. d4 d5 2. Nf3 Nf6 3. Bf4 Nc6 4. e3 Bf5 5. c3 e6 6. Nbd2 Bd6 7. Bg5 h6 8. Bh4 g5 9. Bg3 Ne7 10. Qb3 b6 11. Ne5 Bxe5 12. Bxe5 Ng6 13. Bb5+ Kf8 14. Bg3 a6 15. Be2 h5 16. h3 h4 17. Bh2 c5 18. Nf3 Ne4 19. Rd1 c4 20. Qb4+ Kg7 21.
Ne5 Nxe5 22. Bxe5+ f6 23. Bh2 Rf8 24. O-O Rf7 25.
f3 Ng3 26. Bxg3 hxg3 27. e4 dxe4 28. Bxc4 b5 29. fxe4 Bg4 30. Bb3 Bxd1 31. Rxd1 Qb6 32. a4 Rb8 33. a5 Qc6 34. d5 exd5 35. Bxd5 Rd7 36. Rf1 Qd6 37. Qd4 Rc8 38. Rf5 Qc5 39. Rxg5+ Kh6 40. Qxc5 Rxc5 41. Rxg3 b4 42. cxb4 Rc1+ 43.
Kh2 Rb1 44. Rb3 Rc7 45. b5 axb5 46. Rxb5 Rc2 47. a6 Ra1 48. Bb7 Ra2 49. Rb3 Kg5 50. e5 fxe5 51. Ra3 Raxb2 52. a7 Rxb7 53. a8=Q Rbb2 54.
Rg3+ Kf6 55. Qa6+ Kf5 56. Rf3+ 1-0

[Event "*** Titled Tuesday Blitz"]
[Site "Chess.com"]
[Date "2018.11.06"]
[Round "9"]
[White "Paparama_1917"]
[Black "Supernotar"]
[Result "0-1"]
[WhiteElo "2557"]
[BlackElo "2394"]
[TimeControl "180+2"]
[EndTime "15:06:23 PST"]
[Termination "Supernotar won by resignation"]

1. e4 c6 2. d4 d5 3. Nd2 dxe4 4.
Nxe4 Bf5 5. Ng3 Bg6 6. N1e2 e6 7. Nf4 Bd6 8. h4 Qc7 9. h5 Bxc2 10. Nxe6 Bxd1 11.
Nxc7+ Bxc7 12. Kxd1 Bxg3 13. fxg3 Nd7 14. Bc4 Nb6 15.
Re1+ Kf8 16. Bb3 Rd8 17. Kc2 Nf6 18. h6 Nfd5 19. hxg7+ Kxg7 20. Bd2 Rhe8 21. a3 Kh8 22. Bh6 Rg8 23. Re2 Rxg3 24. Rae1 Rdg8 25. Re8 Rxg2+ 26. Kb1 Rxe8 27. Rxe8+ Rg8 28. Re1 Rg6 29. Re8+ Rg8 30. Re1 Nc8 31. Bc2 Nd6 32. Rh1 f5 33. Rf1 Rg6 34.
Bd2 Rf6 35. Bg5 Rf7 36. Bh6 f4 37. Rf3 Rf6 38. Bg5 Rf7 39. Bb3 Ne4 40. Bxd5 cxd5 41. Bxf4 Nd2+ 42. Bxd2 Rxf3 0-1

[Event "*** Titled Tuesday Blitz"]
[Site "Chess.com"]
[Date "2018.11.06"]
[Round "9"]
[White "Rakesh"]
[Black "norwaytoadog"]
[Result "1-0"]
[WhiteElo "2307"]
[BlackElo "2137"]
[TimeControl "180+2"]
[EndTime "15:06:25 PST"]
[Termination "Rakesh won on time"]

1. g3 e5 2. Bg2 Nc6 3. Nf3 Nf6 4. d3 d5 5. O-O h6 6. Nbd2 Be6 7. e4 dxe4 8. Nxe4 Nxe4 9. dxe4 Qf6 10. Be3 Bd6 11. c3 g5 12. Qa4 O-O 13. Rfe1 Ne7 14. Nd2 a6 15. Qc2 Ng6 16. Nf1 g4 17. Rad1 h5 18. Bh6 Rfe8 19. Be3 h4 20. Nd2 b5 21. Rf1 Rad8 22. f3 hxg3 23. hxg3 gxf3 24. Rxf3 Qe7 25. Rdf1 Bg4 26. Rf5 Bc5 27. Bxc5 Qxc5+ 28. R1f2 Bxf5 29. exf5 Nf4 30. Ne4 Qe3 31. gxf4 Kf8 32. Nf6 Re7 33. Ng4 Qe1+ 34. Rf1 Qg3 35. Nxe5 Rd6 36. Qf2 Qxf2+ 37. Kxf2 Rd2+ 38. Kg3 Rxb2 39. f6 Re6 40. Rh1 Kg8 41. Bd5 Rxf6 42. Kg4 c6 43. Kg5 cxd5 44. Kxf6 Rxa2 45.
f5 Rg2 46. Nxf7 1-0

[Event "*** Titled Tuesday Blitz"]
[Site "Chess.com"]
[Date "2018.11.06"]
[Round "9"]
[White "Mbneu"]
[Black "ahachess"]
[Result "1-0"]
[WhiteElo "2284"]
[BlackElo "2301"]
[TimeControl "180+2"]
[EndTime "15:06:31 PST"]
[Termination "Mbneu won by resignation"]

1. d4 Nf6 2. c4 g6 3. Nc3 Bg7 4.
e4 d6 5. f4 O-O 6. Nf3 c5 7.
d5 e6 8. Be2 exd5 9. cxd5 Re8 10. e5 Nh5 11. O-O dxe5 12. Nxe5 Bxe5 13. fxe5 Rxe5 14.
d6 Nc6 15. Nd5 Be6 16. Nf4 Nxf4 17. Bxf4 Rd5 18. Qe1 Nd4 19. Bc4 Rf5 20. Bxe6 Nxe6 21. Bg3 Qf6 22. Rxf5 Qxf5 23. Rd1 Rd8 24. Qa5 Qg4 25.
Re1 Qd4+ 26. Kh1 c4 27. Rxe6 b6 28. Qe1 fxe6 29. Qxe6+ Kf8 30. Qe7+ Kg8 31. Qxd8+ Kg7 32. Qe7+ Kh6 33. Qf8+ Kg5 34. Qf4+ Qxf4 35. Bxf4+ Kf6 36.
Kg1 Ke6 37. Kf2 b5 38. Ke3 a5 39. Kd4 g5 40. Bg3 h5 41. h3 Kd7 42. Kc5 a4 43. Kxb5 a3 44. Be5 Ke6 45. Bc3 axb2 46. Bxb2 Kxd6 47. Kxc4 g4 48. a4 Kc6 49. hxg4 hxg4 50.
Kd4 Kb6 51. Ke4 Ka5 52. Kf4 Kxa4 53. Kxg4 Kb5 54. Kf5 Kc6 55. Ke6 Kc7 56. Bf6 Kc6 57. g4 1-0

[Event "*** Titled Tuesday Blitz"]
[Site "Chess.com"]
[Date "2018.11.06"]
[Round "9"]
[White "Pudor"]
[Black "2165149677570"]
[Result "1-0"]
[WhiteElo "2333"]
[BlackElo "2381"]
[TimeControl "180+2"]
[EndTime "15:06:32 PST"]
[Termination "Pudor won by resignation"]

1. d4 Nf6 2. c4 e6 3. Nc3 Bb4 4. Qc2 O-O 5. a3 Bxc3+ 6. Qxc3 b6 7. Bg5 h6 8. Bh4 Bb7 9. e3 d6 10. Ne2 c5 11. Qd3 Be4 12. Qd2 Nbd7 13. Nc3 Bb7 14. Rd1 cxd4 15. Qxd4 Nc5 16. Be2 g5 17. Bg3 d5 18.
Be5 Nfe4 19. cxd5 Nxc3 20. Qxc3 Bxd5 21. O-O f6 22. Bg3 Ne4 23. Qc2 Rc8 24. Qb1 Qe8 25. Bd3 Nxg3 26. hxg3 Kg7 27. Ba6 Rd8 28. Rd2 Qa4 29.
Be2 Be4 30. Qc1 Rc8 31. Qd1 Qc6 32. Rd6 Qa8 33. Rd7+ Rf7 34. Rxf7+ Kxf7 35. Bh5+ Kf8 36. Qd6+ Kg8 37. Qxe6+ Kh7 38. Qf7+ Kh8 39. Qxf6+ Kh7 40.
Qe7+ Kh8 41. Qe5+ Kh7 42. Rd1 Qc6 43. Qe7+ Kh8 44. Qe5+ Kh7 45. Bg4 Re8 46. Qd4 Bxg2 47. Bd7 Rd8 48. Bxc6 Rxd4 49. Rxd4 Bxc6 50. Rd6 Ba4 51.
Kg2 Kg7 52. Kf3 Bd1+ 53. Rxd1 1-0

[Event "*** Titled Tuesday Blitz"]
[Site "Chess.com"]
[Date "2018.11.06"]
[Round "9"]
[White "Bykov_Egor"]
[Black "pulvettd"]
[Result "0-1"]
[WhiteElo "2534"]
[BlackElo "2522"]
[TimeControl "180+2"]
[EndTime "15:06:33 PST"]
[Termination "pulvettd won by resignation"]

1. d4 Nf6 2. c4 e6 3. Nf3 b6 4.
g3 Ba6 5. b3 d5 6. Bg2 dxc4 7.
Ne5 Bb4+ 8. Bd2 Qxd4 9. Bxb4 Qxa1 10. Bc3 Qxa2 11. Bxa8 cxb3 12. Nc6 Nbd7 13. Bxf6 gxf6 14. Nc3 Qb2 15. Ne4 f5 16. Nd2 Nc5 17. O-O O-O 18. Ne7+ Kg7 19. Bf3 Rd8 20. Nc4 Qd4 21. Qxd4+ Rxd4 22. Nb2 Rd2 23. Rb1 Bxe2 24. Bxe2 Rxe2 25. Nc6 Ne4 26. Nd3 Nd2 27. Rb2 Nf3+ 28. Kg2 Ne1+ 29. Kf1 Nxd3 30. Rxe2 b2 31. Rxb2 Nxb2 32. Nxa7 Nc4 33.
Ke2 Kf6 34. Nb5 c6 35. Nd4 c5 36. Nb5 Ke5 37. Kd3 Nd6 38. Na7 b5 39. Nc6+ Kf6 40. f4 h5 41. Ne5 Ne4 42. Nc6 c4+ 43. Kd4 c3 44. Kd3 Kg7 45. Kc2 h4 46. gxh4 Kh6 47. Kb3 Kh5 48. Nd4 Kxh4 49. Nxb5 Kg4 50. Nd4 Kxf4 51.
Nc6 Ke3 52. Nd8 f4 53. Nxf7 f3 54. Ne5 f2 55. Ng4+ Kf3 56. Nxf2 Kxf2 57. h4 Ke3 58. h5 Kd3 59. h6 Nf6 0-1